 Dungeon Crawl Stone Soup version 0.31.0-32-g396128a36d (webtiles) character file.

Game seed: 12814301603739914404

5905 Dukelukem the Protected (level 10, -1/86 HPs)
             Began as a Gnoll Wanderer on Apr 2, 2024.
             Was an Elder of Makhleb.
             Slain by Jorgrun
             ... wielding a staff of earth
              (4 damage)
             ... while petrified by Jorgrun
             ... on level 2 of the Orcish Mines.
             The game lasted 00:42:55 (7736 turns).

Dukelukem the Protected (Gnoll Wanderer)            Turns: 7736, Time: 00:42:56

Health: -1/86      AC: 12    Str: 16    XL:     10   Next: 82%
Magic:  0/19       EV:  2    Int: 10    God:    Makhleb [****..]
Gold:   1516       SH:  0    Dex: 28    Spells: 14/21 levels left

rFire   . . .        k - +2 dagger (venom)
rCold   . . .        c - +0 buckler
rNeg    + + +        A - +2 leather armour "Tavuh" {Harm Rampage ^Drain Str+5}
rPois   ∞            (helmet restricted)
rElec   .            H - +0 cloak
rCorr   .            i - +0 pair of gloves
SInv    .            s - +2 pair of boots
Will    .....        j - amulet of guardian spirit
Stlth   ++++         o - +6 ring of dexterity
HPRegen 0.34/turn    v - +6 ring of dexterity
MPRegen 0.16/turn

%: harm (+30% outgoing, +20% incoming), guardian spirit, rampage
@: petrified
A: fangs 1, strong nose, distributed training, horns 1, robust 1, weak 1
a: Renounce Religion, Minor Destruction, Lesser Servant of Makhleb, Major
Destruction


You were on level 2 of the Orcish Mines.
You worshipped Makhleb.
Makhleb was greatly pleased with you.
You visited 2 branches of the dungeon, and saw 11 of its levels.

You collected 1516 gold pieces.

Inventory:

Hand Weapons
 a - a +0 short sword
 k - a +2 dagger of venom (weapon)
 m - a +0 flail of holy wrath
 y - the +3 whip "Efayh" {venom, rPois rC+ rN+ rCorr}
   (You found it on level 5 of the Dungeon)

   rC+:       It protects you from cold.
   rPois:     It protects you from poison rN+: It protects you from negative
   energy.
   rCorr:     It protects you from acid and corrosion.
 z - a +2 war axe of flaming
 C - a +2 dagger of venom
 D - a +0 falchion
 E - a +0 rapier
 G - a +4 long sword
 J - a +2 dagger of freezing
Armour
 b - a +3 scale mail
 c - a +0 buckler (worn)
 h - the +0 ring mail of Fedhas's Pride {Slay+3}
   (You found it on level 2 of the Dungeon)

   Slay+3:    It affects your accuracy & damage with ranged weapons and melee
   (+3).
 i - a +0 pair of gloves (worn)
 s - a +2 pair of boots (worn)
 A - the +2 leather armour "Tavuh" (worn) {Harm Rampage ^Drain Str+5}
   (You found it on level 6 of the Dungeon)

   Str+5:     It affects your strength (+5).
   ^Drain:    It drains your maximum health when unequipped.
   Harm:      It increases damage dealt and taken.
   Rampage:   It bestows one free step when moving towards enemies.
 H - a +0 cloak (worn)
Jewellery
 f - a ring of fire
 j - an amulet of guardian spirit (around neck)
 o - a +6 ring of dexterity (left hand)
 u - a ring of protection from cold
 v - a +6 ring of dexterity (right hand)
 F - a +6 ring of intelligence
 K - a +5 ring of evasion
Talismans
 n - a flux talisman
Wands
 e - a wand of flame (39)
 l - a wand of iceblast (28)
 r - a wand of charming (22)
Scrolls
 d - a scroll of vulnerability
 g - 2 scrolls of teleportation
 p - a scroll of fog
 q - a scroll of revelation
 t - a scroll of enchant armour
 w - 4 scrolls of identify
 x - a scroll of blinking
Potions
 B - 2 potions of attraction
 I - a potion of haste


   Skills:
 + Level 7.0 Fighting
 + Level 9.3 Short Blades
 + Level 6.4 Long Blades
 + Level 6.4 Axes
 + Level 6.4 Maces & Flails
 + Level 6.4 Polearms
 + Level 6.4 Staves
 + Level 6.4 Ranged Weapons
 + Level 6.4 Throwing
 + Level 10.7 Armour
 + Level 6.4 Dodging
 + Level 6.4 Stealth
 + Level 7.0 Shields
 + Level 6.4 Unarmed Combat
 + Level 6.4 Spellcasting
 + Level 5.3 Conjurations
 + Level 5.3 Hexes
 + Level 5.3 Summonings
 + Level 5.3 Necromancy
 + Level 5.3 Translocations
 + Level 5.3 Fire Magic
 + Level 5.3 Ice Magic
 + Level 5.3 Air Magic
 + Level 5.3 Earth Magic
 + Level 5.3 Alchemy
 + Level 7.0 Invocations
 + Level 7.0 Evocations
 + Level 5.8 Shapeshifting


You had 14 spell levels left.
You knew the following spells:

 Your Spells              Type           Power      Damage    Failure   Level
a - Freeze                Ice            52%        1d6       3%          1
b - Frozen Ramparts       Ice            26%        1d4       10%         3
c - Hailstorm             Conj/Ice       13%        3d6       10%         3

Your spell library contained the following spells:

 Spells                   Type           Power      Damage    Failure   Level


Dungeon Overview and Level Annotations

Branches:
Dungeon (9/15)             Temple (0/1) D:5             Orc (2/2) D:9
   Lair: D:8-11         Elf: Orc:2

Altars:
Elyvilon
Gozag
Makhleb
Nemelex Xobeh
Qazlal
Ru
Trog
Wu Jian
The Shining One

Shops:
D:4 [   D:5 *   D:6 =

Annotations:
Orc:2 Jorgrun


Innate Abilities, Weirdness & Mutations

You have very sharp teeth.
Your uncanny sense of smell can sniff out nearby items.
Your experience applies equally to all skills.
You have a pair of small horns on your head.
You are robust. (+10% HP)
You are weak. (Str -2)


Message History

You are slowing down.
A demon appears!
The kobold blastminer wields a +0 arbalest.
The kobold blastminer shoots a bolt.
You block the bolt. The orc hits you with a +0 dagger.
Jorgrun hits you with a staff of earth. The ground beneath you fractures!
The orc warrior hits you with a +0 mace!
An orc knight comes into view. It is wielding a +0 battleaxe.
You hear a shout!
Your limbs are stiffening.
An orc wizard comes into view. It is wielding a +0 dagger.
You hit the orc warrior but do no damage.
The orc warrior is poisoned.
You bite the orc warrior, but do no damage.
The orc warrior hits you with a +0 mace.
Jorgrun casts a spell at you. The iron shot hits you!!!
* * * LOW HITPOINT WARNING * * *
The orc knight roars a battlecry!
The orcs go into a battle-frenzy!
You block the orc's attack.
You hear a shout! x2
You have turned to stone.
The orc warrior hits you but does no damage.
The orc warrior hits your hellwing with a +0 hand axe!
The orc hits you but does no damage.
The orc wizard mumbles some strange words.
The orc wizard flickers and vanishes!
An orc comes into view. It is wielding a +0 dagger.
Jorgrun hits you with a staff of earth.
* * * LOW HITPOINT WARNING * * *
The ground beneath you fractures!
* * * LOW HITPOINT WARNING * * *
Your hellwing hits Jorgrun.
Your hellwing closely misses Jorgrun.
The orc warrior hits you with a +0 mace.
The orc hits you but does no damage.
An orc comes into view. It is wielding a +0 dagger.
The orc warrior closely misses your hellwing.
Jorgrun hits you but does no damage. The ground beneath you fractures!
You die...

##...o ...o.## # .$#
##...K.# .. ....
#......### ...
.##......# .....o#.#....
..... ....# ..oo..o....
..... #... #.4g....#
...#####...#####@oo$###
......#......##..o....#
..............).^.....#
..#..............#....o.
..#......##.#....##....o
.#....#....###..## .....
#.....#...## ...# ...#
##....#....#####$. ..##
....####......# #..


You could see Jorgrun (ally target), an orc knight, a kobold blastminer, 2 orc
warriors, 2 orc priests, an orc wizard, 5 orcs and a friendly hellwing
(summoned).

Vanquished Creatures
  Maurice (D:8)
  A kobold blastminer (Orc:1)
  A wyvern (D:5)
  A warg (Orc:1)
  Edmund (D:4)
  4 water moccasins
  An acid dragon (D:9)
  2 ice beasts
  5 orc warriors
  An ogre (D:6)
  A black bear (D:7)
  2 centaurs (D:8)
  2 phantoms (D:4)
  2 bullfrogs
  2 scorpions
  6 wights
  2 howler monkeys
  2 bombardier beetles (D:4)
  4 jellies
  A quasit (D:8)
  4 hounds
  2 orc priests
  An iguana (D:7)
  6 orc wizards
  2 sleepcaps (D:5)
  8 adders
  A white imp (D:7)
  3 dart slugs
  4 ribbon worms
  35 orcs
  9 endoplasms
  2 giant cockroaches
  6 goblins
  6 hobgoblins
  2 jackals (D:2)
  3 quokkas
  3 ball pythons
  3 bats
  4 frilled lizards
  2 goblin skeletons (D:8)
  2 goblin zombies (D:8)
  2 hobgoblin zombies (D:8)
  6 kobolds
  3 kobold skeletons (D:8)
  An orc skeleton (D:8)
  14 rats
176 creatures vanquished.

Vanquished Creatures (collateral kills)
  2 orc warriors (D:9)
  An orc wizard (D:9)
  3 orcs
6 creatures vanquished.

Grand Total: 182 creatures vanquished

Notes
Turn   | Place    | Note
-------+----------+-------------------------------------------
     0 | D:1      | Dukelukem the Gnoll Wanderer began the quest for the Orb.
     0 | D:1      | Dukelukem set off with the following items: a +0 short
                  | sword, a +2 scale mail, a +0 buckler, a potion of
                  | lignification.
     0 | D:1      | Reached XP level 1. HP: 17/17 MP: 1/1
   104 | D:1      | Reached XP level 2. HP: 21/23 MP: 2/2
   429 | D:1      | Reached XP level 3. HP: 21/28 MP: 3/3
   586 | D:1      | Found a faded altar of an unknown god.
   596 | D:1      | Prayed at the altar of an unknown god.
   596 | D:1      | Became a worshipper of Makhleb the Destroyer
   596 | D:1      | Reached * piety under Makhleb
   776 | D:2      | Reached skill level 1 in Invocations
   787 | D:2      | Identified the +0 ring mail of Fedhas's Pride {Slay+3}
   824 | D:2      | Found a white marble altar of Elyvilon.
   848 | D:2      | Reached skill level 1 in Long Blades
   848 | D:2      | Reached skill level 1 in Axes
   848 | D:2      | Reached skill level 1 in Maces & Flails
   848 | D:2      | Reached skill level 1 in Polearms
   848 | D:2      | Reached skill level 1 in Staves
   848 | D:2      | Reached skill level 1 in Ranged Weapons
   848 | D:2      | Reached skill level 1 in Throwing
   848 | D:2      | Reached skill level 1 in Dodging
   848 | D:2      | Reached skill level 1 in Stealth
   848 | D:2      | Reached skill level 1 in Unarmed Combat
   848 | D:2      | Reached skill level 1 in Spellcasting
   976 | D:2      | Reached skill level 1 in Shapeshifting
   976 | D:2      | Reached XP level 4. HP: 34/34 MP: 5/5
  1370 | D:2      | Learned a level 1 spell: Freeze
  1561 | D:3      | Reached skill level 1 in Conjurations
  1561 | D:3      | Reached skill level 1 in Hexes
  1561 | D:3      | Reached skill level 1 in Summonings
  1561 | D:3      | Reached skill level 1 in Necromancy
  1561 | D:3      | Reached skill level 1 in Translocations
  1561 | D:3      | Reached skill level 1 in Fire Magic
  1561 | D:3      | Reached skill level 1 in Ice Magic
  1561 | D:3      | Reached skill level 1 in Air Magic
  1561 | D:3      | Reached skill level 1 in Earth Magic
  1561 | D:3      | Reached skill level 1 in Alchemy
  1581 | D:3      | Found an opulent altar of Gozag.
  1645 | D:3      | Found an ornate altar of the Wu Jian Council.
  1766 | D:3      | Reached ** piety under Makhleb
  2069 | D:4      | Found a sparkling altar of Nemelex Xobeh.
  2087 | D:4      | Found a transporter.
  2162 | D:4      | Reached XP level 5. HP: 27/41 MP: 7/7
  2179 | D:4      | Found a transporter.
  2519 | D:4      | Reached XP level 6. HP: 10/47 MP: 8/8
  2680 | D:4      | Found Ynton's Armour Emporium.
  2867 | D:4      | Noticed Edmund
  2890 | D:4      | Killed Edmund
  3046 | D:4      | Reached XP level 7. HP: 33/52 MP: 10/10
  3550 | D:5      | Entered Level 5 of the Dungeon
  3808 | D:5      | Noticed a wyvern
  3813 | D:5      | Reached skill level 9 in Armour
  3828 | D:5      | Killed a wyvern
  3833 | D:5      | Reached XP level 8. HP: 14/60 MP: 12/12
  4155 | D:5      | Found Qyrranas's Gadget Gallery.
  4262 | D:5      | Found a staircase to the Ecumenical Temple.
  4388 | D:5      | Noticed a moth of wrath
  4695 | D:5      | Found a bloodstained altar of Trog.
  4736 | D:5      | Identified the +3 whip "Efayh" {venom, rPois rC+ rN+ rCorr}
  4862 | D:5      | Gained mutation: You are robust. (+10% HP) [potion of
                  | mutation]
  4862 | D:5      | Gained mutation: You are weak. (Str -2) [potion of
                  | mutation]
  4862 | D:5      | Gained mutation: You have a pair of small horns on your
                  | head. [potion of mutation]
  5187 | D:6      | Found Diemac's Jewellery Emporium.
  5528 | D:6      | Identified the +2 leather armour "Tavuh" {Harm Rampage
                  | ^Drain Str+5}
  5761 | D:6      | Identified a scroll of acquirement
  5763 | D:6      | Reached skill level 5 in Long Blades
  5763 | D:6      | Reached skill level 5 in Axes
  5763 | D:6      | Reached skill level 5 in Maces & Flails
  5763 | D:6      | Reached skill level 5 in Polearms
  5763 | D:6      | Reached skill level 5 in Staves
  5763 | D:6      | Reached skill level 5 in Ranged Weapons
  5763 | D:6      | Reached skill level 5 in Throwing
  5763 | D:6      | Reached skill level 10 in Armour
  5763 | D:6      | Reached skill level 5 in Dodging
  5763 | D:6      | Reached skill level 5 in Stealth
  5763 | D:6      | Reached skill level 5 in Unarmed Combat
  5763 | D:6      | Reached skill level 5 in Spellcasting
  5763 | D:6      | Reached skill level 5 in Shapeshifting
  5763 | D:6      | Reached XP level 9. HP: 78/78 MP: 13/17
  5785 | D:6      | Learned a level 3 spell: Frozen Ramparts
  5789 | D:6      | Learned a level 3 spell: Hailstorm
  5913 | D:7      | Reached XP level 10. HP: 84/84 MP: 18/18
  5940 | D:7      | Reached *** piety under Makhleb
  6233 | D:7      | Reached skill level 5 in Conjurations
  6233 | D:7      | Reached skill level 5 in Hexes
  6233 | D:7      | Reached skill level 5 in Summonings
  6233 | D:7      | Reached skill level 5 in Necromancy
  6233 | D:7      | Reached skill level 5 in Translocations
  6233 | D:7      | Reached skill level 5 in Fire Magic
  6233 | D:7      | Reached skill level 5 in Ice Magic
  6233 | D:7      | Reached skill level 5 in Air Magic
  6233 | D:7      | Reached skill level 5 in Earth Magic
  6233 | D:7      | Reached skill level 5 in Alchemy
  6350 | D:7      | Acquired 748 gold pieces
  6447 | D:8      | Found a stormy altar of Qazlal.
  6448 | D:8      | Found a sacrificial altar of Ru.
  6514 | D:8      | Found a glowing golden altar of the Shining One.
  6568 | D:8      | Noticed Maurice
  6570 | D:8      | Killed Maurice
  7096 | D:9      | Reached **** piety under Makhleb
  7341 | D:9      | Found a staircase to the Orcish Mines.
  7362 | Orc:1    | Entered Level 1 of the Orcish Mines
  7362 | Orc:1    | Noticed a kobold blastminer
  7364 | Orc:1    | Killed a kobold blastminer
  7607 | Orc:2    | Entered Level 2 of the Orcish Mines
  7727 | Orc:2    | Noticed Jorgrun
  7732 | Orc:2    | Noticed a kobold blastminer
  7733 | Orc:2    | Noticed an orc knight
  7735 | Orc:2    | HP: 3/86 [Jorgrun/staff of earth (4)]
  7736 | Orc:2    | Slain by Jorgrun

Illustrated notes

Levels and vault maps discovered:
D:1:      onia_arrival_handbag, layout_basic, hellmonk_ecumenical_altar_run_dry
D:2:      layout_basic, basic_altar
D:3:      layout_loops_ring, nicolae_gozag_cash_rules_everything_around_me,
          mainiacjoe_overflow_brackets
D:4:      gammafunk_wand_slinger, layout_basic,
          mainiacjoe_overflow_surrounded_room, serial_shops, shop, uniq_edmund
D:5:      layout_loops_ring, tgw_trog, minmay_temple_entry_fiery,
          nicolae_shop_gadgets
D:6:      layout_loops_ring, serial_shops, nicolae_square_shop
D:7:      layout_gridville
D:8:      layout_loops_ring, mainiacjoe_overflow_divided_tiny,
          nicolae_tso_besieged_by_evil, uniq_maurice
D:9:      layout_loops_cross, david_lair_shrubbed, david_orc_4
Orc:1:    layout_caves, basic_altar, serial_shops, nicolae_shop_tiny_waterfront,
          uniq_gastronok
Orc:2:    grunt_orc_tribal_feast, layout_diamond_mine, gammafunk_ghost_smash,
          uniq_jorgrun, uniq_azrael

Skill      XL: |  1  2  3  4  5  6  7  8  9 10 |
---------------+-------------------------------+-----
Invocations    | 1 2 3 6 7 |  7.0
Long Blades    | 1 2 3 5 6 |  6.4
Axes           | 1 2 3 5 6 |  6.4
Maces & Flails | 1 2 3 5 6 |  6.4
Polearms       | 1 2 3 5 6 |  6.4
Staves         | 1 2 3 5 6 |  6.4
Ranged Weapons | 1 2 3 5 6 |  6.4
Throwing       | 1 2 3 5 6 |  6.4
Dodging        | 1 2 3 5 6 |  6.4
Stealth        | 1 2 3 5 6 |  6.4
Unarmed Combat | 1 2 3 5 6 |  6.4
Spellcasting   | 1 2 3 5 6 |  6.4
Shapeshifting  | 1 2 5 |  5.8
Conjurations   | 1 2 4 5 |  5.3
Hexes          | 1 2 4 5 |  5.3
Summonings     | 1 2 4 5 |  5.3
Necromancy     | 1 2 4 5 |  5.3
Translocations | 1 2 4 5 |  5.3
Fire Magic     | 1 2 4 5 |  5.3
Ice Magic      | 1 2 4 5 |  5.3
Air Magic      | 1 2 4 5 |  5.3
Earth Magic    | 1 2 4 5 |  5.3
Alchemy        | 1 2 4 5 |  5.3
Fighting       | 3 4 6 7 |  7.0
Shields        | 3 4 6 7 |  7.0
Evocations     | 3 4 6 7 |  7.0
Short Blades   | 7 8 9 |  9.3
Armour         | 9 10 | 10.7

Action                     |  1- 3 |  4- 6 |  7- 9 | 10-12 || total
---------------------------+-------+-------+-------+-------++-------
  Melee: Short sword       |   165 |    53 |       |       ||   218
         Bite              |    16 |    26 |    21 |    41 ||   104
         Dagger            |       |   200 |   160 |   254 ||   614
         Headbutt          |       |       |    23 |    75 ||    98
   Cast: Freeze            |       |       |       |     4 ||     4
 Invoke: Minor Destruction |       |     1 |     1 |       ||     2
         Lesser Servant of |       |       |       |     3 ||     3
  Evoke: Wand              |       |       |     4 |       ||     4
    Use: Scroll            |     2 |     8 |     6 |     4 ||    20
         Potion            |     2 |     1 |     4 |       ||     7
   Stab: Sleeping          |       |       |     4 |     4 ||     8
         Distracted        |       |       |     1 |     3 ||     4
 Armour: Scale mail        |    77 |   106 |    93 |       ||   276
         Skin              |       |     4 |       |       ||     4
         Leather armour    |       |       |     1 |    93 ||    94
  Dodge: Dodged            |    36 |    60 |    44 |   138 ||   278
  Block: Buckler           |    34 |    29 |    36 |    84 ||   183
